[ AOE2 MATCH · #484101113 ]
UnrankedHindustanis vs Vietnamese
[ REPLAY ANALYSIS · EXTRACTED FROM THE RECORDED GAME ]
Feudal
9:26
Castle
23:15
Imperial
42:41
| APM avg | 31.8 |
| APM peak | 73 |
| eAPM avg | 18.1 |
| Villagers / military | 152 / 324 |
Focus
⚔️ 27.9% · 🌾 72.1%
Scout Cavalry ×158 · Spearman ×131 · Camel Scout ×31 · Scorpion ×2 · Monk ×1 · Mangonel ×1
Feudal
10:07
Castle
15:52
Imperial
35:47
| APM avg | 30.9 |
| APM peak | 59 |
| eAPM avg | 17.4 |
| Villagers / military | 138 / 181 |
Focus
⚔️ 35.3% · 🌾 64.7%
Battle Elephant ×97 · Skirmisher ×64 · Bombard Cannon ×17 · Spearman ×2 · Monk ×1
Feudal
10:59
Castle
17:13
Imperial
42:10
| APM avg | 46.0 |
| APM peak | 87 |
| eAPM avg | 19.3 |
| Villagers / military | 106 / 156 |
Focus
⚔️ 37.2% · 🌾 62.8%
Scout Cavalry ×37 · Archer ×26 · Unknown (882) ×25 · Genoese Crossbowman ×20 · Spearman ×18 · Skirmisher ×15
Feudal
10:08
Castle
22:52
Imperial
45:47
| APM avg | 43.4 |
| APM peak | 82 |
| eAPM avg | 20.3 |
| Villagers / military | 160 / 116 |
Focus
⚔️ 28.3% · 🌾 71.7%
Camel Scout ×66 · Elephant Archer ×42 · Scout Cavalry ×4 · Monk ×2 · Bombard Cannon ×2
Feudal
12:03
Castle
16:44
Imperial
38:28
| APM avg | 38.2 |
| APM peak | 74 |
| eAPM avg | 22.5 |
| Villagers / military | 122 / 357 |
Focus
⚔️ 35.5% · 🌾 64.5%
Knight ×101 · Scout Cavalry ×101 · Spearman ×95 · Archer ×44 · Bombard Cannon ×12 · Mangonel ×3
Feudal
9:03
Castle
28:05
Imperial
—
| APM avg | 30.5 |
| APM peak | 89 |
| eAPM avg | 16.2 |
| Villagers / military | 146 / 137 |
Focus
⚔️ 29.6% · 🌾 70.4%
Archer ×111 · Spearman ×17 · Scout Cavalry ×7 · Mangonel ×2
Feudal
10:13
Castle
13:43
Imperial
31:49
| APM avg | 39.4 |
| APM peak | 99 |
| eAPM avg | 24.6 |
| Villagers / military | 166 / 530 |
Focus
⚔️ 26.4% · 🌾 73.6%
Spearman ×376 · Militia ×154
Feudal
11:21
Castle
17:26
Imperial
32:49
| APM avg | 39.4 |
| APM peak | 100 |
| eAPM avg | 21.3 |
| Villagers / military | 137 / 572 |
Focus
⚔️ 33.4% · 🌾 66.6%
Spearman ×368 · Militia ×115 · Huskarl ×55 · Trebuchet (Packed) ×16 · Hand Cannoneer ×9 · Knight ×7
Match map
Initial resources + every placement click. Lines = walls · curves = elevation contours. ◆ gold · ⬟ stone · ● berries · ✦ relic · ◌ wall gap
Your base· ✓ Closed at 23:15 · 62t walls · no gate
waatwat's base· Open — unwalled flank
Not.Vipper's base· Open — 3t gap
Monkidz's base· Open — unwalled flank
Not.MbL's base· Open — unwalled flank
chanakya's base· Open — 5t gap
Not.ACCM's base· Open — unwalled flank
屋顶上的轻骑兵's base· Open — unwalled flank
Smoothed initial terrain · ◌ = detected wall gap · hover for details
Inputs per minute
— Not.Hera - - waatwat
Build order — Not.Hera
First 150 of 458 actions detected
| 0:01 | Create | Villager (Male) |
| 0:01 | Create | Villager (Male) |
| 0:01 | Create | Villager (Male) |
| 0:02 | Create | Villager (Male) |
| 0:03 | Build | House |
| 0:04 | Build | House |
| 1:32 | Create | Villager (Male) |
| 1:32 | Create | Villager (Male) |
| 1:32 | Create | Villager (Male) |
| 2:09 | Build | Lumber Camp |
| 2:25 | Create | Villager (Male) |
| 2:25 | Create | Villager (Male) |
| 2:25 | Create | Villager (Male) |
| 3:14 | Create | Villager (Male) |
| 3:14 | Create | Villager (Male) |
| 4:11 | Create | Villager (Male) |
| 4:11 | Create | Villager (Male) |
| 4:12 | Create | Villager (Male) |
| 4:12 | Create | Villager (Male) |
| 4:41 | Build | House |
| 4:45 | Research | Loom |
| 4:46 | Create | Villager (Male) |
| 4:47 | Create | Villager (Male) |
| 5:56 | Create | Villager (Male) |
| 5:56 | Create | Villager (Male) |
| 6:06 | Build | Mill |
| 6:42 | Create | Villager (Male) |
| 6:56 | Research | Feudal Age |
| 7:57 | Build | Barracks |
| 8:04 | Build | Palisade Wall |
| 8:25 | Create | Villager (Male) |
| 8:36 | Build | House |
| 8:50 | Build | House |
| 9:26 | Age | Feudal Age |
| 9:29 | Create | Spearman |
| 9:31 | Build | Stable |
| 10:03 | Build | House |
| 10:05 | Create | Villager (Male) |
| 10:05 | Create | Villager (Male) |
| 10:07 | Research | Double-Bit Axe |
| 10:20 | Build | Palisade Wall |
| 10:29 | Create | Scout Cavalry |
| 10:29 | Create | Scout Cavalry |
| 10:34 | Build | Palisade Wall |
| 10:38 | Create | Villager (Male) |
| 10:38 | Create | Villager (Male) |
| 10:39 | Create | Villager (Male) |
| 10:50 | Create | Spearman |
| 11:01 | Create | Scout Cavalry |
| 11:12 | Create | Villager (Male) |
| 11:14 | Create | Spearman |
| 11:19 | Build | Palisade Wall |
| 11:21 | Build | Palisade Wall |
| 11:36 | Research | Horse Collar |
| 11:42 | Build | Farm |
| 11:43 | Build | Farm |
| 12:11 | Build | Palisade Wall |
| 12:14 | Create | Villager (Male) |
| 12:17 | Build | Farm |
| 12:17 | Build | Farm |
| 12:17 | Build | Farm |
| 12:18 | Build | Farm |
| 12:47 | Build | House |
| 12:52 | Build | House |
| 12:54 | Build | House |
| 12:59 | Create | Villager (Male) |
| 13:01 | Create | Villager (Male) |
| 13:23 | Build | Archery Range |
| 13:31 | Build | Blacksmith |
| 13:54 | Create | Villager (Male) |
| 13:54 | Create | Villager (Male) |
| 13:54 | Create | Villager (Male) |
| 13:55 | Create | Villager (Male) |
| 13:56 | Create | Scout Cavalry |
| 14:23 | Build | Farm |
| 14:24 | Build | Farm |
| 14:24 | Build | Farm |
| 14:24 | Build | Farm |
| 14:26 | Build | House |
| 14:27 | Build | House |
| 14:28 | Build | House |
| 14:37 | Research | Forging |
| 14:45 | Create | Scout Cavalry |
| 15:20 | Create | Villager (Male) |
| 15:20 | Create | Villager (Male) |
| 15:34 | Build | Farm |
| 15:35 | Build | Farm |
| 15:35 | Build | Farm |
| 15:35 | Build | Farm |
| 15:35 | Build | Farm |
| 15:36 | Build | Farm |
| 15:42 | Build | House |
| 15:43 | Build | House |
| 15:50 | Build | Palisade Wall |
| 16:01 | Create | Villager (Male) |
| 16:09 | Build | Mining Camp |
| 16:39 | Create | Spearman |
| 16:39 | Create | Spearman |
| 16:47 | Build | House |
| 17:04 | Create | Scout Cavalry |
| 17:04 | Create | Scout Cavalry |
| 17:05 | Create | Villager (Male) |
| 17:06 | Create | Villager (Male) |
| 17:09 | Build | House |
| 17:40 | Create | Villager (Male) |
| 17:41 | Create | Villager (Male) |
| 17:41 | Create | Villager (Male) |
| 17:55 | Create | Villager (Male) |
| 18:09 | Create | Villager (Male) |
| 18:13 | Create | Villager (Male) |
| 18:16 | Build | Farm |
| 18:16 | Build | Farm |
| 18:17 | Build | Farm |
| 19:03 | Create | Villager (Male) |
| 20:19 | Build | Lumber Camp |
| 20:22 | Build | House |
| 20:28 | Build | House |
| 20:29 | Build | House |
| 20:30 | Build | House |
| 20:34 | Research | Castle Age |
| 20:49 | Build | Palisade Wall |
| 20:56 | Build | Palisade Wall |
| 21:21 | Create | Villager (Male) |
| 21:21 | Create | Villager (Male) |
| 21:30 | Research | Gold Mining |
| 21:35 | Create | Spearman |
| 21:35 | Create | Spearman |
| 22:50 | Create | Spearman |
| 22:50 | Create | Spearman |
| 22:59 | Create | Spearman |
| 22:59 | Create | Spearman |
| 23:15 | Age | Castle Age |
| 23:41 | Create | Villager (Male) |
| 23:55 | Create | Camel Scout |
| 23:55 | Create | Camel Scout |
| 23:56 | Create | Camel Scout |
| 23:58 | Create | Camel Scout |
| 24:18 | Build | Town Center |
| 24:20 | Create | Villager (Male) |
| 24:21 | Research | Bow Saw |
| 25:16 | Create | Villager (Male) |
| 25:16 | Create | Villager (Male) |
| 25:17 | Create | Villager (Male) |
| 25:17 | Create | Villager (Male) |
| 25:17 | Create | Villager (Male) |
| 25:36 | Build | Town Center |
| 25:43 | Build | Palisade Wall |
| 25:47 | Build | Palisade Wall |
| 25:49 | Build | Palisade Wall |
| 25:54 | Create | Villager (Male) |
Build order — waatwat
First 150 of 512 actions detected
| 0:05 | Create | Villager (Male) |
| 0:06 | Create | Villager (Male) |
| 0:06 | Create | Villager (Male) |
| 0:06 | Create | Villager (Male) |
| 0:12 | Build | House |
| 0:14 | Build | House |
| 1:25 | Create | Villager (Male) |
| 2:00 | Create | Villager (Male) |
| 2:38 | Create | Villager (Male) |
| 2:38 | Create | Villager (Male) |
| 2:39 | Create | Villager (Male) |
| 3:03 | Build | Lumber Camp |
| 3:34 | Create | Villager (Male) |
| 3:42 | Create | Villager (Male) |
| 4:08 | Build | House |
| 4:34 | Create | Villager (Male) |
| 4:37 | Create | Villager (Male) |
| 4:56 | Create | Villager (Male) |
| 5:15 | Research | Loom |
| 5:21 | Create | Villager (Male) |
| 5:44 | Create | Villager (Male) |
| 6:06 | Build | Mill |
| 6:25 | Create | Villager (Male) |
| 6:31 | Build | House |
| 6:43 | Create | Villager (Male) |
| 7:20 | Create | Villager (Male) |
| 7:57 | Research | Feudal Age |
| 7:57 | Research | Feudal Age |
| 8:13 | Create | Villager (Male) |
| 8:49 | Build | Mining Camp |
| 10:07 | Age | Feudal Age |
| 10:09 | Create | Villager (Male) |
| 10:20 | Build | Market |
| 10:42 | Build | Blacksmith |
| 10:43 | Build | House |
| 10:52 | Build | Farm |
| 11:02 | Create | Villager (Male) |
| 11:20 | Create | Villager (Male) |
| 11:35 | Build | Farm |
| 11:51 | Create | Villager (Male) |
| 11:53 | Build | Farm |
| 12:05 | Build | House |
| 12:29 | Build | Palisade Wall |
| 12:31 | Create | Villager (Male) |
| 12:38 | Build | Palisade Gate |
| 12:39 | Build | Palisade Wall |
| 12:50 | Build | Farm |
| 12:53 | Build | Farm |
| 13:07 | Build | Farm |
| 13:12 | Research | Castle Age |
| 13:41 | Build | Farm |
| 13:44 | Research | Double-Bit Axe |
| 13:44 | Research | Double-Bit Axe |
| 13:55 | Build | Farm |
| 14:39 | Build | Barracks |
| 15:13 | Research | Horse Collar |
| 15:41 | Create | Spearman |
| 15:41 | Create | Spearman |
| 15:45 | Build | Farm |
| 15:52 | Age | Castle Age |
| 16:22 | Create | Villager (Male) |
| 16:23 | Create | Villager (Male) |
| 17:02 | Create | Villager (Male) |
| 17:07 | Build | Farm |
| 17:15 | Build | Town Center |
| 17:30 | Build | House |
| 17:32 | Build | House |
| 18:03 | Create | Villager (Male) |
| 18:04 | Create | Villager (Male) |
| 18:31 | Build | Town Center |
| 18:34 | Create | Villager (Male) |
| 18:37 | Build | House |
| 18:38 | Build | House |
| 18:42 | Create | Villager (Male) |
| 18:56 | Create | Villager (Male) |
| 19:10 | Create | Villager (Male) |
| 19:10 | Create | Villager (Male) |
| 19:15 | Research | Bow Saw |
| 19:15 | Research | Bow Saw |
| 19:17 | Research | Heavy Plow |
| 19:17 | Research | Heavy Plow |
| 19:21 | Create | Villager (Male) |
| 19:31 | Build | House |
| 19:31 | Build | House |
| 19:33 | Create | Villager (Male) |
| 19:34 | Create | Villager (Male) |
| 19:42 | Build | Farm |
| 19:42 | Build | Farm |
| 19:42 | Build | Farm |
| 19:42 | Build | Farm |
| 19:50 | Create | Villager (Male) |
| 20:00 | Create | Villager (Male) |
| 20:12 | Create | Villager (Male) |
| 20:14 | Build | Farm |
| 20:19 | Create | Villager (Male) |
| 20:20 | Create | Villager (Male) |
| 20:25 | Build | Farm |
| 20:27 | Build | Farm |
| 20:33 | Create | Villager (Male) |
| 20:33 | Create | Villager (Male) |
| 20:47 | Build | House |
| 20:49 | Create | Villager (Male) |
| 20:49 | Create | Villager (Male) |
| 20:58 | Build | Farm |
| 20:58 | Build | Farm |
| 20:58 | Build | Farm |
| 20:58 | Build | Farm |
| 20:59 | Build | Farm |
| 20:59 | Build | Farm |
| 21:06 | Create | Villager (Male) |
| 21:19 | Create | Villager (Male) |
| 21:19 | Create | Villager (Male) |
| 21:20 | Build | Farm |
| 21:37 | Create | Villager (Male) |
| 21:37 | Create | Villager (Male) |
| 21:48 | Build | House |
| 21:57 | Create | Villager (Male) |
| 21:58 | Create | Villager (Male) |
| 22:09 | Build | Farm |
| 22:10 | Build | Farm |
| 22:10 | Build | Farm |
| 22:14 | Build | Farm |
| 22:14 | Build | Farm |
| 22:15 | Build | Farm |
| 22:20 | Create | Villager (Male) |
| 22:20 | Create | Villager (Male) |
| 22:41 | Create | Villager (Male) |
| 22:41 | Create | Villager (Male) |
| 22:43 | Create | Villager (Male) |
| 22:47 | Build | Farm |
| 22:50 | Build | Farm |
| 22:51 | Create | Villager (Male) |
| 22:51 | Create | Villager (Male) |
| 23:40 | Create | Villager (Male) |
| 23:41 | Create | Villager (Male) |
| 23:51 | Create | Villager (Male) |
| 23:52 | Create | Villager (Male) |
| 23:52 | Create | Villager (Male) |
| 23:52 | Create | Villager (Male) |
| 23:56 | Build | Farm |
| 23:56 | Build | Farm |
| 23:57 | Build | Farm |
| 23:57 | Build | Farm |
| 23:57 | Build | Farm |
| 24:07 | Create | Villager (Male) |
| 24:14 | Research | Wheelbarrow |
| 24:16 | Research | Gold Mining |
| 24:17 | Research | Stone Mining |
| 24:25 | Build | Mining Camp |
| 24:27 | Create | Villager (Male) |
Build order — Not.Vipper
First 150 of 412 actions detected
| 0:02 | Build | House |
| 0:03 | Build | House |
| 0:04 | Create | Villager (Male) ×4 |
| 0:04 | Create | Villager (Male) ×4 |
| 1:36 | Create | Villager (Male) |
| 1:36 | Create | Villager (Male) |
| 1:57 | Create | Villager (Male) |
| 1:57 | Create | Villager (Male) |
| 2:21 | Create | Villager (Male) |
| 2:22 | Create | Villager (Male) |
| 2:22 | Create | Villager (Male) |
| 2:41 | Build | Lumber Camp |
| 3:00 | Create | Villager (Male) |
| 3:00 | Create | Villager (Male) |
| 3:15 | Create | Villager (Male) |
| 3:15 | Create | Villager (Male) |
| 3:28 | Build | House |
| 3:47 | Create | Villager (Male) |
| 3:47 | Create | Villager (Male) |
| 4:18 | Create | Villager (Male) |
| 4:18 | Create | Villager (Male) |
| 4:32 | Create | Villager (Male) |
| 4:32 | Create | Villager (Male) |
| 4:43 | Create | Villager (Male) |
| 4:43 | Create | Villager (Male) |
| 5:00 | Create | Villager (Male) |
| 5:01 | Create | Villager (Male) |
| 5:29 | Create | Villager (Male) |
| 5:29 | Create | Villager (Male) |
| 5:34 | Build | Mill |
| 5:53 | Create | Villager (Male) |
| 5:53 | Create | Villager (Male) |
| 6:10 | Build | House |
| 6:22 | Create | Villager (Male) |
| 6:33 | Create | Villager (Male) |
| 7:38 | Build | Mining Camp |
| 7:50 | Create | Villager (Male) |
| 8:08 | Create | Villager (Male) |
| 8:25 | Research | Feudal Age |
| 9:30 | Build | Lumber Camp |
| 10:22 | Build | House |
| 10:34 | Build | Palisade Wall |
| 10:37 | Build | Palisade Gate |
| 10:56 | Create | Villager (Male) |
| 10:59 | Age | Feudal Age |
| 11:03 | Build | Blacksmith |
| 11:11 | Build | Market |
| 11:14 | Create | Villager (Male) |
| 11:31 | Research | Loom |
| 11:50 | Build | Farm |
| 11:51 | Build | Farm |
| 12:17 | Build | Palisade Wall |
| 12:25 | Create | Villager (Male) |
| 12:55 | Build | Farm |
| 12:56 | Build | Farm |
| 12:56 | Build | Farm |
| 12:58 | Build | Farm |
| 13:02 | Create | Villager (Male) |
| 13:27 | Build | Farm |
| 13:32 | Build | House |
| 13:36 | Create | Villager (Male) |
| 13:56 | Create | Villager (Male) |
| 14:08 | Build | Farm |
| 14:23 | Build | Farm |
| 14:31 | Research | Castle Age |
| 14:51 | Build | House |
| 15:24 | Build | House |
| 15:27 | Build | House |
| 15:33 | Build | House |
| 15:37 | Build | Palisade Wall |
| 15:37 | Build | Palisade Wall |
| 16:04 | Build | Palisade Wall |
| 16:12 | Build | Barracks |
| 16:30 | Build | Palisade Wall |
| 16:40 | Build | House |
| 16:43 | Build | Palisade Wall |
| 16:53 | Create | Villager (Male) |
| 17:09 | Create | Spearman |
| 17:10 | Create | Spearman |
| 17:13 | Age | Castle Age |
| 17:18 | Build | Stable |
| 17:40 | Create | Villager (Male) |
| 17:40 | Create | Villager (Male) |
| 17:58 | Build | Palisade Wall |
| 18:00 | Create | Villager (Male) |
| 18:15 | Create | Villager (Male) |
| 18:17 | Create | Knight |
| 18:17 | Create | Knight |
| 18:32 | Build | Town Center |
| 18:33 | Create | Villager (Male) |
| 18:34 | Create | Villager (Male) |
| 19:07 | Create | Villager (Male) |
| 19:14 | Create | Knight |
| 19:32 | Build | Farm |
| 19:37 | Build | Farm |
| 19:44 | Build | Siege Workshop |
| 19:52 | Create | Knight |
| 20:04 | Create | Spearman |
| 20:16 | Build | Farm |
| 20:17 | Build | Farm |
| 20:29 | Create | Villager (Male) |
| 20:36 | Create | Knight |
| 20:44 | Build | Farm |
| 20:47 | Build | Farm |
| 20:50 | Build | Farm |
| 20:54 | Build | House |
| 21:14 | Create | Villager (Male) |
| 21:18 | Create | Spearman |
| 21:23 | Create | Villager (Male) |
| 21:27 | Create | Villager (Male) |
| 21:42 | Build | Gate |
| 21:50 | Create | Spearman |
| 21:51 | Create | Spearman |
| 22:19 | Create | Villager (Male) |
| 22:20 | Create | Villager (Male) |
| 22:30 | Create | Villager (Male) |
| 22:39 | Build | Farm |
| 22:41 | Build | Farm |
| 22:42 | Build | Farm |
| 22:51 | Build | Farm |
| 23:13 | Research | Pikeman (upgrade) |
| 23:13 | Create | Spearman |
| 23:25 | Create | Spearman |
| 23:26 | Create | Spearman |
| 23:32 | Create | Villager (Male) |
| 23:33 | Create | Villager (Male) |
| 23:55 | Create | Villager (Male) |
| 23:55 | Create | Villager (Male) |
| 24:05 | Build | Farm |
| 24:08 | Build | Farm |
| 24:26 | Create | Villager (Male) |
| 24:49 | Create | Villager (Male) |
| 26:19 | Build | Mining Camp |
| 26:29 | Create | Villager (Male) |
| 26:29 | Create | Villager (Male) |
| 26:40 | Build | House |
| 26:42 | Build | House |
| 26:43 | Create | Villager (Male) |
| 26:43 | Create | Villager (Male) |
| 26:52 | Create | Mangonel |
| 27:06 | Build | Farm |
| 27:23 | Create | Villager (Male) |
| 28:02 | Create | Villager (Male) |
| 28:05 | Create | Spearman |
| 28:05 | Create | Spearman |
| 28:05 | Create | Spearman |
| 28:17 | Create | Villager (Male) |
| 28:18 | Create | Villager (Male) |
| 28:30 | Build | Farm |
| 28:43 | Create | Mangonel |
Build order — Monkidz
First 150 of 469 actions detected
| 0:01 | Create | Villager (Male) |
| 0:01 | Create | Villager (Male) |
| 0:02 | Create | Villager (Male) |
| 0:02 | Create | Villager (Male) |
| 0:02 | Create | Villager (Male) |
| 0:05 | Build | House |
| 0:06 | Build | House |
| 0:31 | Build | Mill |
| 0:45 | Build | Mill |
| 1:43 | Research | Loom |
| 1:43 | Research | Loom |
| 1:51 | Create | Villager (Male) |
| 2:03 | Create | Villager (Male) |
| 2:28 | Create | Villager (Male) |
| 2:28 | Create | Villager (Male) |
| 3:03 | Create | Villager (Male) |
| 3:03 | Create | Villager (Male) |
| 3:34 | Create | Villager (Male) |
| 4:00 | Build | House |
| 4:27 | Create | Villager (Male) |
| 4:31 | Create | Villager (Male) |
| 4:32 | Create | Villager (Male) |
| 4:32 | Create | Villager (Male) |
| 4:33 | Create | Villager (Male) |
| 4:44 | Create | Villager (Male) |
| 4:44 | Create | Villager (Male) |
| 5:17 | Create | Villager (Male) |
| 5:17 | Create | Villager (Male) |
| 5:17 | Create | Villager (Male) |
| 5:20 | Build | House |
| 5:29 | Build | Lumber Camp |
| 7:29 | Create | Villager (Male) |
| 7:46 | Research | Feudal Age |
| 7:46 | Research | Feudal Age |
| 7:53 | Build | Mining Camp |
| 8:23 | Build | Barracks |
| 9:35 | Build | House |
| 10:08 | Age | Feudal Age |
| 10:13 | Build | Stable |
| 10:16 | Create | Villager (Male) |
| 10:16 | Create | Villager (Male) |
| 10:16 | Create | Villager (Male) |
| 11:14 | Create | Scout Cavalry |
| 11:14 | Create | Scout Cavalry |
| 11:14 | Create | Scout Cavalry |
| 11:15 | Create | Scout Cavalry |
| 11:20 | Build | House |
| 11:23 | Create | Villager (Male) |
| 11:46 | Build | Blacksmith |
| 11:54 | Build | Palisade Wall |
| 12:32 | Build | Farm |
| 12:33 | Build | Farm |
| 12:34 | Build | Farm |
| 12:49 | Build | House |
| 12:52 | Build | House |
| 13:38 | Research | Town Watch |
| 13:38 | Research | Town Watch |
| 13:40 | Research | Scale Barding Armor |
| 13:40 | Research | Scale Barding Armor |
| 14:02 | Build | Farm |
| 14:03 | Build | Farm |
| 14:04 | Build | Farm |
| 14:06 | Build | Farm |
| 14:52 | Build | Farm |
| 14:57 | Build | House |
| 14:58 | Build | House |
| 15:39 | Build | House |
| 16:23 | Create | Camel Scout |
| 16:23 | Create | Camel Scout |
| 16:23 | Create | Camel Scout |
| 17:04 | Build | Lumber Camp |
| 17:21 | Build | House |
| 18:07 | Create | Villager (Male) |
| 18:07 | Create | Villager (Male) |
| 18:07 | Create | Villager (Male) |
| 18:08 | Create | Villager (Male) |
| 18:08 | Create | Villager (Male) |
| 18:43 | Create | Villager (Male) |
| 18:43 | Create | Villager (Male) |
| 19:01 | Build | Farm |
| 19:02 | Build | Farm |
| 19:44 | Build | Farm |
| 19:50 | Research | Castle Age |
| 19:50 | Research | Castle Age |
| 20:11 | Research | Double-Bit Axe |
| 20:13 | Research | Forging |
| 20:13 | Research | Forging |
| 20:45 | Research | Gold Mining |
| 20:45 | Research | Gold Mining |
| 20:51 | Build | Farm |
| 21:52 | Research | Fletching |
| 21:52 | Research | Fletching |
| 22:00 | Build | Palisade Wall |
| 22:01 | Build | Palisade Wall |
| 22:03 | Build | Palisade Wall |
| 22:17 | Build | House |
| 22:19 | Build | House |
| 22:31 | Create | Camel Scout |
| 22:31 | Create | Camel Scout |
| 22:31 | Create | Camel Scout |
| 22:35 | Build | House |
| 22:51 | Build | Palisade Wall |
| 22:52 | Age | Castle Age |
| 23:18 | Build | Town Center |
| 23:27 | Research | Bow Saw |
| 23:28 | Research | Bow Saw |
| 23:29 | Create | Villager (Male) |
| 23:29 | Create | Villager (Male) |
| 23:29 | Create | Villager (Male) |
| 23:29 | Create | Villager (Male) |
| 23:30 | Create | Villager (Male) |
| 23:55 | Build | Mining Camp |
| 24:03 | Build | Farm |
| 24:32 | Create | Villager (Male) |
| 24:32 | Create | Villager (Male) |
| 24:33 | Create | Villager (Male) |
| 24:50 | Build | House |
| 24:50 | Build | House |
| 24:51 | Build | House |
| 25:03 | Build | Palisade Wall |
| 25:15 | Research | Bloodlines |
| 25:17 | Research | Iron Casting |
| 25:17 | Research | Iron Casting |
| 25:27 | Build | Mining Camp |
| 25:48 | Create | Villager (Male) |
| 25:48 | Create | Villager (Male) |
| 25:49 | Create | Villager (Male) |
| 25:49 | Create | Villager (Male) |
| 26:09 | Create | Villager (Male) |
| 26:10 | Create | Villager (Male) |
| 26:24 | Research | Husbandry |
| 26:24 | Research | Husbandry |
| 26:37 | Create | Villager (Male) |
| 26:41 | Build | Farm |
| 26:44 | Build | Farm |
| 27:10 | Create | Villager (Male) |
| 27:10 | Create | Villager (Male) |
| 27:11 | Create | Villager (Male) |
| 27:11 | Create | Villager (Male) |
| 27:13 | Build | Farm |
| 27:18 | Create | Villager (Male) |
| 27:19 | Create | Villager (Male) |
| 27:26 | Create | Villager (Male) |
| 27:26 | Create | Villager (Male) |
| 27:37 | Build | Town Center |
| 27:51 | Build | Farm |
| 27:54 | Create | Villager (Male) |
| 27:54 | Create | Villager (Male) |
| 28:00 | Create | Villager (Male) |
| 28:05 | Build | Farm |
Build order — Not.MbL
First 150 of 535 actions detected
| 0:02 | Create | Villager (Male) |
| 0:02 | Create | Villager (Male) |
| 0:03 | Build | House |
| 0:06 | Build | House |
| 0:34 | Create | Villager (Male) |
| 0:35 | Create | Villager (Male) |
| 1:27 | Create | Villager (Male) |
| 1:54 | Create | Villager (Male) |
| 2:14 | Build | Lumber Camp |
| 2:27 | Create | Villager (Male) |
| 2:38 | Create | Villager (Male) |
| 3:03 | Create | Villager (Male) |
| 3:13 | Build | House |
| 3:36 | Create | Villager (Male) |
| 4:06 | Create | Villager (Male) |
| 4:09 | Create | Villager (Male) |
| 4:09 | Create | Villager (Male) |
| 5:22 | Create | Villager (Male) |
| 6:16 | Create | Villager (Male) |
| 6:37 | Create | Villager (Male) |
| 6:45 | Create | Villager (Male) |
| 7:00 | Create | Villager (Male) |
| 7:13 | Research | Loom |
| 7:19 | Build | House |
| 7:27 | Create | Villager (Male) |
| 7:55 | Create | Villager (Male) |
| 8:04 | Build | Mill |
| 8:17 | Create | Villager (Male) |
| 8:39 | Create | Villager (Male) |
| 8:51 | Create | Villager (Male) |
| 9:22 | Research | Feudal Age |
| 9:32 | Build | Mining Camp |
| 10:09 | Create | Villager (Male) |
| 10:09 | Create | Villager (Male) |
| 12:03 | Age | Feudal Age |
| 12:10 | Build | Market |
| 12:14 | Build | Blacksmith |
| 12:43 | Build | House |
| 12:51 | Build | House |
| 12:55 | Create | Villager (Male) |
| 13:10 | Build | House |
| 13:25 | Build | Palisade Wall |
| 13:29 | Create | Villager (Male) |
| 13:44 | Build | Stone Wall |
| 14:04 | Research | Castle Age |
| 14:23 | Build | Palisade Wall |
| 14:51 | Build | Palisade Wall |
| 15:19 | Build | Mining Camp |
| 15:34 | Build | Farm |
| 15:42 | Build | Palisade Wall |
| 15:51 | Build | Palisade Gate |
| 16:07 | Build | Stone Wall |
| 16:20 | Build | Gate |
| 16:23 | Create | Villager (Male) |
| 16:24 | Create | Villager (Male) |
| 16:27 | Build | Farm |
| 16:31 | Research | Double-Bit Axe |
| 16:44 | Age | Castle Age |
| 16:45 | Create | Villager (Male) |
| 16:54 | Research | Horse Collar |
| 17:08 | Create | Villager (Male) |
| 17:18 | Build | Palisade Wall |
| 17:23 | Create | Villager (Male) |
| 17:28 | Build | Farm |
| 17:39 | Build | Barracks |
| 17:48 | Build | Town Center |
| 17:50 | Create | Villager (Male) |
| 18:09 | Create | Villager (Male) |
| 18:18 | Create | Villager (Male) |
| 18:26 | Build | Farm |
| 18:28 | Build | Farm |
| 18:36 | Build | House |
| 18:39 | Build | House |
| 18:58 | Create | Villager (Male) |
| 18:59 | Create | Villager (Male) |
| 19:02 | Build | Farm |
| 19:10 | Build | Farm |
| 19:18 | Build | House |
| 19:19 | Build | House |
| 19:27 | Create | Spearman |
| 19:28 | Create | Spearman |
| 19:37 | Build | House |
| 19:55 | Build | Monastery |
| 20:02 | Create | Spearman |
| 20:03 | Create | Spearman |
| 20:07 | Build | House |
| 20:25 | Create | Villager (Male) |
| 20:38 | Build | Stone Wall |
| 20:40 | Create | Monk |
| 20:51 | Create | Villager (Male) |
| 20:55 | Build | Farm |
| 20:57 | Build | Farm |
| 21:13 | Build | Mill |
| 21:16 | Create | Villager (Male) |
| 21:18 | Create | Villager (Male) |
| 21:27 | Create | Villager (Male) |
| 21:36 | Build | Mill |
| 21:37 | Create | Villager (Male) |
| 22:03 | Create | Villager (Male) |
| 22:08 | Create | Villager (Male) |
| 22:17 | Create | Villager (Male) |
| 22:20 | Build | Farm |
| 22:21 | Build | Farm |
| 22:23 | Build | Farm |
| 22:24 | Build | Farm |
| 22:25 | Build | Farm |
| 22:26 | Build | Farm |
| 22:27 | Build | Farm |
| 22:28 | Build | Farm |
| 22:30 | Create | Villager (Male) |
| 22:45 | Build | Town Center |
| 22:50 | Create | Villager (Male) |
| 22:55 | Build | Farm |
| 22:57 | Build | Farm |
| 23:00 | Build | Farm |
| 23:03 | Build | Farm |
| 23:05 | Build | Farm |
| 23:08 | Create | Villager (Male) |
| 23:27 | Create | Villager (Male) |
| 23:27 | Create | Villager (Male) |
| 23:30 | Create | Villager (Male) |
| 23:40 | Create | Villager (Male) |
| 23:52 | Build | Stone Wall |
| 23:59 | Create | Villager (Male) |
| 24:00 | Create | Villager (Male) |
| 24:03 | Create | Villager (Male) |
| 24:14 | Build | Mill |
| 24:19 | Create | Villager (Male) |
| 24:23 | Research | Stone Mining |
| 24:26 | Create | Villager (Male) |
| 24:36 | Create | Villager (Male) |
| 24:42 | Build | Farm |
| 24:43 | Build | Farm |
| 24:44 | Build | Farm |
| 24:45 | Build | Farm |
| 24:46 | Build | Farm |
| 24:49 | Create | Villager (Male) |
| 24:53 | Create | Villager (Male) |
| 25:09 | Research | Bow Saw |
| 25:15 | Build | House |
| 25:17 | Build | House |
| 25:19 | Build | House |
| 25:23 | Build | House |
| 25:24 | Build | House |
| 25:26 | Build | House |
| 25:28 | Build | House |
| 25:30 | Build | House |
| 25:31 | Create | Villager (Male) |
| 25:33 | Create | Villager (Male) |
| 25:41 | Research | Heavy Plow |
Build order — chanakya
First 150 of 371 actions detected
| 0:01 | Create | Villager (Male) ×4 |
| 0:01 | Create | Villager (Male) ×4 |
| 0:03 | Build | House |
| 0:04 | Build | House |
| 1:25 | Create | Villager (Male) |
| 1:56 | Create | Villager (Male) |
| 1:56 | Create | Villager (Male) |
| 2:00 | Build | Lumber Camp |
| 2:30 | Create | Villager (Male) |
| 2:55 | Create | Villager (Male) |
| 3:33 | Create | Villager (Male) |
| 3:39 | Create | Villager (Male) |
| 4:23 | Create | Villager (Male) |
| 4:30 | Build | House |
| 4:45 | Research | Loom |
| 4:48 | Create | Villager (Male) |
| 5:01 | Create | Villager (Male) |
| 5:14 | Create | Villager (Male) |
| 5:53 | Build | Mill |
| 6:07 | Create | Villager (Male) |
| 6:36 | Research | Feudal Age |
| 7:22 | Create | Villager (Male) |
| 7:56 | Build | Barracks |
| 8:31 | Create | Villager (Male) |
| 8:39 | Build | House |
| 9:03 | Age | Feudal Age |
| 9:10 | Build | Stable |
| 9:19 | Create | Villager (Male) |
| 9:58 | Create | Scout Cavalry |
| 9:58 | Create | Scout Cavalry |
| 10:03 | Create | Villager (Male) |
| 10:12 | Research | Double-Bit Axe |
| 10:22 | Create | Villager (Male) |
| 10:25 | Build | Farm |
| 10:28 | Build | Farm |
| 10:31 | Create | Villager (Male) |
| 11:01 | Create | Scout Cavalry |
| 11:08 | Build | House |
| 11:33 | Build | Mining Camp |
| 11:48 | Create | Scout Cavalry |
| 11:48 | Create | Villager (Male) |
| 11:50 | Build | Farm |
| 11:52 | Build | Farm |
| 12:11 | Create | Scout Cavalry |
| 12:12 | Create | Villager (Male) |
| 12:17 | Build | Farm |
| 12:25 | Build | Farm |
| 12:34 | Build | House |
| 12:37 | Build | House |
| 12:48 | Create | Villager (Male) |
| 12:54 | Build | House |
| 13:11 | Create | Villager (Male) |
| 13:32 | Build | Farm |
| 13:37 | Build | House |
| 13:43 | Create | Villager (Male) |
| 13:52 | Build | House |
| 13:54 | Build | House |
| 14:01 | Build | House |
| 14:05 | Create | Villager (Male) |
| 14:10 | Create | Spearman |
| 14:28 | Build | Archery Range |
| 14:42 | Build | House |
| 14:54 | Build | House |
| 15:18 | Build | Palisade Wall |
| 15:26 | Create | Archer |
| 15:26 | Create | Archer |
| 15:30 | Build | Watch Tower |
| 15:31 | Create | Villager (Male) |
| 15:41 | Build | Palisade Wall |
| 15:49 | Build | Palisade Wall |
| 15:59 | Build | Stone Wall |
| 16:08 | Build | Palisade Wall |
| 16:09 | Create | Villager (Male) |
| 16:09 | Create | Villager (Male) |
| 16:14 | Create | Archer |
| 16:15 | Create | Villager (Male) |
| 16:24 | Create | Archer |
| 16:36 | Create | Spearman |
| 16:47 | Create | Spearman |
| 17:02 | Create | Archer |
| 17:12 | Create | Archer |
| 17:24 | Build | Farm |
| 17:28 | Build | Farm |
| 17:31 | Create | Villager (Male) |
| 17:34 | Build | Farm |
| 17:35 | Build | Farm |
| 17:51 | Build | Archery Range |
| 18:01 | Build | Farm |
| 18:02 | Create | Villager (Male) |
| 18:05 | Build | Farm |
| 18:09 | Build | Farm |
| 18:43 | Create | Archer |
| 18:50 | Create | Villager (Male) |
| 18:50 | Create | Villager (Male) |
| 18:54 | Build | Farm |
| 19:01 | Build | Farm |
| 19:06 | Build | House |
| 19:14 | Build | Palisade Gate |
| 19:20 | Build | Palisade Wall |
| 19:21 | Build | Palisade Wall |
| 19:25 | Build | House |
| 19:27 | Build | House |
| 19:28 | Create | Villager (Male) |
| 19:31 | Build | House |
| 19:38 | Create | Archer |
| 19:44 | Create | Villager (Male) |
| 20:20 | Create | Archer |
| 20:22 | Create | Villager (Male) |
| 20:24 | Build | Farm |
| 20:27 | Create | Scout Cavalry |
| 20:27 | Create | Scout Cavalry |
| 20:30 | Create | Villager (Male) |
| 20:38 | Build | Farm |
| 20:46 | Build | Farm |
| 20:54 | Build | House |
| 21:12 | Create | Villager (Male) |
| 21:35 | Create | Archer |
| 21:36 | Create | Villager (Male) |
| 21:38 | Build | Farm |
| 21:49 | Create | Villager (Male) |
| 21:52 | Research | Wheelbarrow |
| 21:58 | Build | House |
| 22:02 | Create | Spearman |
| 22:04 | Build | House |
| 22:13 | Build | House |
| 22:15 | Build | House |
| 22:18 | Build | House |
| 22:50 | Build | House |
| 23:22 | Create | Villager (Male) |
| 23:26 | Build | Farm |
| 23:41 | Create | Archer |
| 24:02 | Build | Farm |
| 24:09 | Build | Market |
| 24:10 | Create | Villager (Male) |
| 24:11 | Create | Villager (Male) |
| 24:15 | Build | House |
| 24:32 | Create | Archer |
| 24:38 | Build | House |
| 24:56 | Build | Barracks |
| 24:58 | Create | Villager (Male) |
| 25:15 | Research | Castle Age |
| 25:18 | Build | House |
| 25:26 | Build | House |
| 25:42 | Create | Archer |
| 25:42 | Create | Archer |
| 25:50 | Build | House |
| 26:18 | Build | Lumber Camp |
| 26:23 | Build | House |
| 26:25 | Create | Archer |
| 26:26 | Create | Archer |
Build order — Not.ACCM
First 150 of 620 actions detected
| 0:02 | Create | Villager (Male) |
| 0:02 | Create | Villager (Male) |
| 0:02 | Create | Villager (Male) |
| 0:04 | Build | House |
| 0:05 | Build | House |
| 0:10 | Create | Villager (Male) |
| 0:11 | Create | Villager (Male) |
| 1:23 | Create | Villager (Male) |
| 1:23 | Create | Villager (Male) |
| 1:55 | Create | Villager (Male) |
| 1:55 | Create | Villager (Male) |
| 2:16 | Build | Mule Cart |
| 2:26 | Create | Villager (Male) |
| 2:26 | Create | Villager (Male) |
| 2:54 | Create | Villager (Male) |
| 2:54 | Create | Villager (Male) |
| 2:55 | Create | Villager (Male) |
| 3:00 | Build | House |
| 3:39 | Create | Villager (Male) |
| 3:40 | Create | Villager (Male) |
| 3:48 | Build | House |
| 4:04 | Create | Villager (Male) |
| 4:43 | Create | Villager (Male) |
| 4:43 | Create | Villager (Male) |
| 4:43 | Create | Villager (Male) |
| 5:24 | Create | Villager (Male) |
| 5:29 | Create | Villager (Male) |
| 5:29 | Create | Villager (Male) |
| 5:33 | Build | Mill |
| 5:56 | Create | Villager (Male) |
| 5:56 | Create | Villager (Male) |
| 6:02 | Create | Villager (Male) |
| 6:03 | Create | Villager (Male) |
| 6:31 | Create | Villager (Male) |
| 6:32 | Create | Villager (Male) |
| 8:02 | Research | Feudal Age |
| 8:48 | Create | Villager (Male) |
| 8:49 | Create | Villager (Male) |
| 10:13 | Age | Feudal Age |
| 10:16 | Build | Market |
| 10:21 | Build | Blacksmith |
| 11:00 | Research | Castle Age |
| 11:16 | Research | Horse Collar |
| 11:16 | Research | Horse Collar |
| 11:52 | Build | Farm |
| 11:57 | Build | Farm |
| 12:00 | Build | Farm |
| 12:08 | Build | Farm |
| 12:12 | Build | Farm |
| 12:30 | Research | Double-Bit Axe |
| 12:30 | Research | Double-Bit Axe |
| 12:39 | Build | House |
| 12:46 | Build | House |
| 13:06 | Create | Villager (Male) |
| 13:13 | Build | House |
| 13:24 | Research | Loom |
| 13:30 | Create | Villager (Male) |
| 13:43 | Age | Castle Age |
| 13:44 | Research | Bow Saw |
| 13:44 | Research | Bow Saw |
| 13:49 | Build | Farm |
| 14:22 | Create | Villager (Male) |
| 14:29 | Build | Barracks |
| 14:40 | Create | Villager (Male) |
| 14:43 | Build | Farm |
| 15:21 | Create | Villager (Male) |
| 15:46 | Build | Farm |
| 15:48 | Build | Farm |
| 15:50 | Create | Villager (Male) |
| 15:53 | Build | Farm |
| 16:16 | Create | Villager (Male) |
| 16:19 | Create | Spearman |
| 16:19 | Create | Spearman |
| 16:33 | Create | Villager (Male) |
| 16:35 | Build | Farm |
| 16:39 | Build | Farm |
| 16:51 | Build | Mule Cart |
| 17:02 | Create | Villager (Male) |
| 17:04 | Create | Spearman |
| 17:13 | Build | Farm |
| 17:20 | Create | Villager (Male) |
| 17:39 | Build | Farm |
| 17:40 | Build | Farm |
| 17:41 | Create | Villager (Male) |
| 18:13 | Build | Town Center |
| 18:20 | Create | Villager (Male) |
| 18:24 | Build | Farm |
| 18:26 | Research | Wheelbarrow |
| 18:29 | Build | Farm |
| 19:02 | Create | Villager (Male) |
| 19:10 | Build | House |
| 19:16 | Build | Farm |
| 19:29 | Create | Villager (Male) |
| 19:34 | Build | Town Center |
| 19:45 | Create | Villager (Male) |
| 19:58 | Research | Pikeman (upgrade) |
| 19:59 | Create | Spearman |
| 19:59 | Create | Spearman |
| 20:06 | Create | Spearman |
| 20:08 | Create | Villager (Male) |
| 20:37 | Build | House |
| 20:46 | Build | House |
| 20:48 | Build | House |
| 20:50 | Build | House |
| 20:55 | Create | Villager (Male) |
| 20:55 | Create | Villager (Male) |
| 20:56 | Create | Villager (Male) |
| 20:57 | Create | Villager (Male) |
| 21:09 | Research | Stone Mining |
| 21:14 | Research | Gold Mining |
| 21:15 | Create | Villager (Male) |
| 21:22 | Build | House |
| 21:24 | Build | House |
| 21:26 | Build | House |
| 21:27 | Build | House |
| 21:28 | Build | House |
| 21:29 | Build | House |
| 21:30 | Build | House |
| 21:34 | Create | Villager (Male) |
| 21:38 | Build | Farm |
| 21:39 | Build | Farm |
| 21:46 | Build | Farm |
| 22:01 | Create | Villager (Male) |
| 22:01 | Create | Villager (Male) |
| 22:01 | Create | Villager (Male) |
| 22:02 | Create | Villager (Male) |
| 22:11 | Build | Farm |
| 22:15 | Build | Farm |
| 22:16 | Build | Farm |
| 22:17 | Build | Farm |
| 22:17 | Build | Farm |
| 22:17 | Build | Farm |
| 22:18 | Build | Farm |
| 22:21 | Build | Farm |
| 22:24 | Create | Villager (Male) |
| 22:25 | Create | Villager (Male) |
| 22:48 | Create | Villager (Male) |
| 22:51 | Create | Villager (Male) |
| 22:55 | Create | Villager (Male) |
| 22:59 | Build | Farm |
| 23:25 | Create | Villager (Male) |
| 23:58 | Create | Villager (Male) |
| 23:58 | Create | Villager (Male) |
| 23:58 | Create | Villager (Male) |
| 24:03 | Build | Mule Cart |
| 24:20 | Create | Villager (Male) |
| 24:21 | Create | Villager (Male) |
| 24:22 | Research | Hand Cart |
| 24:23 | Create | Villager (Male) |
| 24:23 | Create | Villager (Male) |
Build order — 屋顶上的轻骑兵
First 150 of 521 actions detected
| 0:16 | Build | House |
| 0:18 | Research | Loom |
| 0:21 | Create | Villager (Male) |
| 0:22 | Create | Villager (Male) |
| 0:22 | Create | Villager (Male) |
| 0:22 | Create | Villager (Male) |
| 0:23 | Create | Villager (Male) |
| 0:45 | Build | House |
| 0:46 | Build | House |
| 0:47 | Build | House |
| 1:45 | Create | Villager (Male) |
| 1:46 | Create | Villager (Male) |
| 2:17 | Create | Villager (Male) |
| 2:47 | Create | Villager (Male) |
| 3:13 | Create | Villager (Male) |
| 3:13 | Create | Villager (Male) |
| 3:40 | Create | Villager (Male) |
| 3:40 | Create | Villager (Male) |
| 3:53 | Build | Lumber Camp |
| 3:59 | Build | Lumber Camp |
| 4:08 | Create | Villager (Male) |
| 4:09 | Create | Villager (Male) |
| 4:09 | Create | Villager (Male) |
| 4:14 | Create | Villager (Male) |
| 4:14 | Create | Villager (Male) |
| 4:44 | Create | Villager (Male) |
| 5:10 | Create | Villager (Male) |
| 5:10 | Create | Villager (Male) |
| 5:39 | Create | Villager (Male) |
| 5:39 | Create | Villager (Male) |
| 5:40 | Create | Villager (Male) |
| 5:51 | Create | Villager (Male) |
| 5:52 | Create | Villager (Male) |
| 5:52 | Create | Villager (Male) |
| 6:38 | Build | Mill |
| 7:02 | Create | Villager (Male) |
| 7:02 | Create | Villager (Male) |
| 7:02 | Create | Villager (Male) |
| 7:43 | Build | House |
| 7:44 | Build | House |
| 7:58 | Build | Mining Camp |
| 8:55 | Research | Feudal Age |
| 8:55 | Research | Feudal Age |
| 9:00 | Build | Barracks |
| 9:46 | Create | Villager (Male) |
| 9:47 | Create | Villager (Male) |
| 9:47 | Create | Villager (Male) |
| 9:47 | Create | Villager (Male) |
| 10:08 | Build | House |
| 10:15 | Build | House |
| 10:17 | Create | Villager (Male) |
| 10:17 | Create | Villager (Male) |
| 10:29 | Build | Farm |
| 10:30 | Build | Farm |
| 11:21 | Age | Feudal Age |
| 11:23 | Build | House |
| 11:31 | Build | Stable |
| 11:40 | Build | Palisade Wall |
| 11:45 | Build | Palisade Gate |
| 11:52 | Create | Spearman |
| 11:53 | Create | Spearman |
| 11:54 | Create | Spearman |
| 11:58 | Build | House |
| 12:18 | Create | Villager (Male) |
| 12:27 | Build | Blacksmith |
| 12:41 | Build | Blacksmith |
| 13:10 | Build | Farm |
| 13:42 | Build | House |
| 13:43 | Build | House |
| 13:55 | Build | Farm |
| 13:57 | Build | Farm |
| 14:19 | Build | Farm |
| 14:20 | Build | Farm |
| 14:45 | Build | Farm |
| 14:46 | Research | Castle Age |
| 14:59 | Build | Mining Camp |
| 15:07 | Create | Spearman |
| 15:08 | Create | Spearman |
| 15:13 | Build | House |
| 15:22 | Build | Palisade Wall |
| 15:26 | Build | Palisade Gate |
| 15:43 | Research | Double-Bit Axe |
| 15:48 | Create | Villager (Male) |
| 15:49 | Create | Villager (Male) |
| 15:49 | Create | Villager (Male) |
| 16:27 | Research | Horse Collar |
| 17:05 | Research | Forging |
| 17:15 | Create | Villager (Male) |
| 17:16 | Create | Villager (Male) |
| 17:26 | Age | Castle Age |
| 17:39 | Build | Town Center |
| 17:44 | Create | Knight ×2 |
| 17:44 | Create | Knight ×2 |
| 17:57 | Build | Lumber Camp |
| 17:59 | Create | Villager (Male) |
| 18:28 | Create | Knight |
| 18:29 | Create | Knight |
| 18:37 | Build | Farm |
| 18:39 | Build | Farm |
| 18:40 | Build | Farm |
| 19:09 | Create | Knight |
| 19:13 | Create | Villager (Male) |
| 19:16 | Create | Villager (Male) |
| 19:16 | Create | Villager (Male) |
| 19:21 | Create | Villager (Male) |
| 19:21 | Create | Villager (Male) |
| 19:42 | Build | Town Center |
| 19:45 | Create | Villager (Male) |
| 20:02 | Create | Villager (Male) |
| 20:02 | Create | Villager (Male) |
| 20:41 | Create | Villager (Male) |
| 20:41 | Create | Villager (Male) |
| 20:49 | Create | Villager (Male) |
| 20:49 | Create | Villager (Male) |
| 20:50 | Create | Villager (Male) |
| 20:50 | Create | Villager (Male) |
| 21:02 | Create | Villager (Male) |
| 21:07 | Build | Monastery |
| 21:11 | Create | Villager (Male) |
| 21:54 | Build | House |
| 21:56 | Build | House |
| 22:04 | Build | Barracks |
| 22:08 | Build | House |
| 22:09 | Build | House |
| 22:14 | Create | Monk |
| 22:15 | Create | Monk |
| 22:17 | Research | Bow Saw |
| 22:21 | Research | Heavy Plow |
| 22:25 | Build | Farm |
| 22:39 | Build | Farm |
| 22:40 | Build | Farm |
| 22:43 | Build | Farm |
| 23:00 | Create | Villager (Male) |
| 23:03 | Create | Villager (Male) |
| 23:39 | Research | Wheelbarrow |
| 23:46 | Build | Farm |
| 23:46 | Build | Farm |
| 23:46 | Build | Farm |
| 23:47 | Build | Farm |
| 23:47 | Build | Farm |
| 23:47 | Build | Farm |
| 24:07 | Build | House |
| 24:08 | Build | House |
| 24:10 | Build | House |
| 24:11 | Build | House |
| 24:12 | Build | House |
| 24:18 | Create | Villager (Male) |
| 24:23 | Build | Lumber Camp |
| 24:25 | Create | Villager (Male) |
| 24:26 | Create | Villager (Male) |
Match timeline
| 7:56 | chanakya · first_building Barracks |
| 7:57 | Not.Hera · first_building Barracks |
| 8:04 | Not.Hera · wall_segment Palisade Wall x8 |
| 8:23 | Monkidz · first_building Barracks |
| 9:00 | 屋顶上的轻骑兵 · first_building Barracks |
| 9:03 | chanakya · age_up feudal |
| 9:10 | chanakya · first_building Stable |
| 9:26 | Not.Hera · age_up feudal |
| 9:31 | Not.Hera · first_building Stable |
| 10:07 | waatwat · age_up feudal |
| 10:08 | Monkidz · age_up feudal |
| 10:13 | Monkidz · first_building Stable |
| 10:13 | Not.ACCM · age_up feudal |
| 10:20 | Not.Hera · wall_segment Palisade Wall x9 |
| 10:34 | Not.Hera · wall_segment Palisade Wall x10 |
| 10:34 | Not.Vipper · wall_segment Palisade Wall x4 |
| 10:59 | Not.Vipper · age_up feudal |
| 11:19 | Not.Hera · wall_segment Palisade Wall x5 |
| 11:21 | Not.Hera · wall_segment Palisade Wall x5 |
| 11:21 | 屋顶上的轻骑兵 · age_up feudal |
| 11:31 | 屋顶上的轻骑兵 · first_building Stable |
| 11:40 | 屋顶上的轻骑兵 · wall_segment Palisade Wall x5 |
| 11:54 | Monkidz · wall_segment Palisade Wall x7 |
| 12:03 | Not.MbL · age_up feudal |
| 12:11 | Not.Hera · wall_segment Palisade Wall x10 |
| 12:17 | Not.Vipper · wall_segment Palisade Wall x9 |
| 12:29 | waatwat · wall_segment Palisade Wall x2 |
| 12:39 | waatwat · wall_segment Palisade Wall x1 |
| 13:23 | Not.Hera · first_building Archery Range |
| 13:25 | Not.MbL · wall_segment Palisade Wall x4 |
| 13:43 | Not.ACCM · age_up castle |
| 13:44 | Not.MbL · wall_segment Stone Wall x10 |
| 14:23 | Not.MbL · wall_segment Palisade Wall x1 |
| 14:28 | chanakya · first_building Archery Range |
| 14:29 | Not.ACCM · first_building Barracks |
| 14:39 | waatwat · first_building Barracks |
| 14:51 | Not.MbL · wall_segment Palisade Wall x2 |
| 15:18 | chanakya · wall_segment Palisade Wall x5 |
| 15:22 | 屋顶上的轻骑兵 · wall_segment Palisade Wall x12 |
| 15:37 | Not.Vipper · wall_segment Palisade Wall x1 |
| 15:37 | Not.Vipper · wall_segment Palisade Wall x1 |
| 15:41 | chanakya · wall_segment Palisade Wall x8 |
| 15:42 | Not.MbL · wall_segment Palisade Wall x18 |
| 15:49 | chanakya · wall_segment Palisade Wall x14 |
| 15:50 | Not.Hera · wall_segment Palisade Wall x4 |
| 15:52 | waatwat · age_up castle |
| 15:59 | chanakya · wall_segment Stone Wall x2 |
| 16:04 | Not.Vipper · wall_segment Palisade Wall x1 |
| 16:07 | Not.MbL · wall_segment Stone Wall x9 |
| 16:08 | chanakya · wall_segment Palisade Wall x12 |
| 16:12 | Not.Vipper · first_building Barracks |
| 16:30 | Not.Vipper · wall_segment Palisade Wall x1 |
| 16:43 | Not.Vipper · wall_segment Palisade Wall x1 |
| 16:44 | Not.MbL · age_up castle |
| 17:13 | Not.Vipper · age_up castle |
| 17:18 | Not.Vipper · first_building Stable |
| 17:18 | Not.MbL · wall_segment Palisade Wall x1 |
| 17:26 | 屋顶上的轻骑兵 · age_up castle |
| 17:39 | Not.MbL · first_building Barracks |
| 17:58 | Not.Vipper · wall_segment Palisade Wall x15 |
| 19:20 | chanakya · wall_segment Palisade Wall x8 |
| 19:21 | chanakya · wall_segment Palisade Wall x2 |
| 19:44 | Not.Vipper · first_building Siege Workshop |
| 19:55 | Not.MbL · first_building Monastery |
| 20:38 | Not.MbL · wall_segment Stone Wall x1 |
| 20:49 | Not.Hera · wall_segment Palisade Wall x9 |
| 20:56 | Not.Hera · wall_segment Palisade Wall x4 |
| 21:07 | 屋顶上的轻骑兵 · first_building Monastery |
| 22:00 | Monkidz · wall_segment Palisade Wall x1 |
| 22:01 | Monkidz · wall_segment Palisade Wall x1 |
| 22:03 | Monkidz · wall_segment Palisade Wall x1 |
| 22:51 | Monkidz · wall_segment Palisade Wall x1 |
| 22:52 | Monkidz · age_up castle |
| 23:15 | Not.Hera · age_up castle |
| 23:52 | Not.MbL · wall_segment Stone Wall x4 |
| 24:40 | waatwat · first_building Archery Range |
| 24:46 | waatwat · first_building Stable |
| 25:03 | Monkidz · wall_segment Palisade Wall x5 |
| 25:10 | chanakya · first_market_sell 100 food |
| 25:14 | 屋顶上的轻骑兵 · first_building Castle |
| 25:39 | Not.ACCM · first_building Castle |
| 25:43 | Not.Hera · wall_segment Palisade Wall x10 |
| 25:47 | Not.Hera · wall_segment Palisade Wall x9 |
| 25:49 | Not.Hera · wall_segment Palisade Wall x4 |
| 26:05 | Not.MbL · first_building Stable |
| 26:37 | chanakya · first_market_buy 100 wood |
| 26:47 | Not.ACCM · wall_segment Stone Wall x2 |
| 27:07 | Not.MbL · first_building Castle |
| 27:22 | Not.Hera · wall_segment Palisade Wall x5 |
| 27:41 | Not.ACCM · first_building Monastery |
| 28:05 | chanakya · age_up castle |
| 28:17 | chanakya · first_building Siege Workshop |
| 28:24 | Not.MbL · first_market_buy 100 food |
| 28:26 | Not.MbL · first_market_sell 100 wood |
| 29:30 | Not.ACCM · first_market_buy 100 wood |
| 29:47 | Monkidz · first_building Monastery |
| 30:06 | Not.Vipper · first_building Archery Range |
| 31:27 | Not.MbL · wall_segment Stone Wall x7 |
| 31:45 | Not.Hera · first_building Siege Workshop |
| 31:49 | Not.ACCM · age_up imperial |
| 32:02 | waatwat · first_building Monastery |
| 32:17 | Monkidz · first_building Archery Range |
| 32:30 | Monkidz · first_market_buy 100 food |
| 32:49 | 屋顶上的轻骑兵 · age_up imperial |
| 33:17 | Not.MbL · wall_segment Stone Wall x4 |
| 33:20 | Not.MbL · wall_segment Stone Wall x17 |
| 35:04 | Not.Hera · first_building Castle |
| 35:05 | waatwat · first_building Castle |
| 35:13 | Not.ACCM · wall_segment Stone Wall x1 |
| 35:16 | Not.ACCM · wall_segment Stone Wall x1 |
| 35:47 | waatwat · age_up imperial |
| 35:49 | Not.ACCM · wall_segment Palisade Wall x1 |
| 35:50 | Monkidz · first_building Castle |
| 36:04 | Not.MbL · first_building Siege Workshop |
| 36:11 | Not.Hera · first_building Monastery |
| 36:25 | Not.Vipper · first_building Castle |
| 38:20 | Monkidz · wall_segment Palisade Wall x13 |
| 38:28 | Not.MbL · age_up imperial |
| 38:46 | Not.Vipper · first_market_sell 100 stone |
| 38:47 | Not.Hera · first_market_sell 100 wood |
| 38:48 | 屋顶上的轻骑兵 · first_building Archery Range |
| 39:14 | Not.ACCM · first_market_sell 500 wood |
| 40:44 | waatwat · first_building Siege Workshop |
| 41:45 | Not.Hera · wall_segment Stone Wall x7 |
| 42:10 | Not.Vipper · age_up imperial |
| 42:32 | Not.Hera · wall_segment Stone Wall x38 |
| 42:34 | Monkidz · first_market_sell 500 wood |
| 42:41 | Not.Hera · age_up imperial |
| 43:56 | Not.MbL · first_building Archery Range |
| 45:45 | Not.Hera · first_market_buy 100 stone |
| 45:47 | Monkidz · age_up imperial |
| 46:47 | Not.Vipper · first_market_buy 100 wood |
| 48:22 | Monkidz · wall_segment Stone Wall x21 |
| 50:05 | Monkidz · first_building Siege Workshop |
| 53:16 | chanakya · first_building Castle |
| 54:11 | Not.MbL · wall_segment Stone Wall x7 |
| 54:14 | Not.MbL · wall_segment Stone Wall x9 |
| 55:44 | Not.ACCM · resign |
[ AI ANALYSIS · 1 CREDIT ]
What really happened in this match?
Wolo.gg analyzes every decision: build order, eco, micro, common mistakes by bracket. Personalized analysis on WhatsApp or Discord in 30 seconds.
Civ guide
Hindustanis
Perfil
Jugador #21686776